 Dungeon Crawl Stone Soup version 0.30-a0-596-g0af90f9a20 (webtiles) character file.

Game seed: 2560212300368692120

4511 bmack86 the Fighter (level 10, 0/93 HPs)
             Began as a Minotaur Fighter on Jan 7, 2023.
             Was a High Priest of Okawaru.
             Slain by a basilisk (2 damage)
             ... while petrified by a basilisk
             ... on level 9 of the Dungeon.
             The game lasted 00:22:22 (7553 turns).

bmack86 the Fighter (Minotaur Fighter)              Turns: 7553, Time: 00:22:22

Health: 0/93       AC: 18    Str: 31    XL:     10   Next: 16%
Magic:  12/12      EV:  2    Int:  5    God:    Okawaru [*****.]
Gold:   272        SH:  0    Dex: 10    Spells: 9/9 levels left

rFire   + . .      SeeInvis .    a - +1 war axe
rCold   . . .      Faith    .    K - +0 kite shield
rNeg    + + +      Spirit   .    F - +0 chain mail
rPois   ∞          Reflect  .    (helmet restricted)
rElec   .          Harm     .    E - +0 cloak
rCorr   .          Rampage  .    i - +2 pair of gloves
Will    .....                    C - +2 pair of boots Stlth
                                 t - amulet "Milepuem" {rF+ Regen+}
HPRegen 1.15/turn                p - +4 ring of slaying
MPRegen 0.13/turn                n - +6 ring of strength

@: petrified
A: horns 2, retaliatory headbutt
a: Renounce Religion, Heroism, Finesse, Duel


You were on level 9 of the Dungeon.
You worshipped Okawaru.
Okawaru was extremely pleased with you.
You visited 1 branch of the dungeon, and saw 9 of its levels.
You also visited: Sewer.

You collected 391 gold pieces.
You spent 119 gold pieces at shops.

Inventory:

Hand Weapons
 a - a +1 war axe (weapon)
 q - a +5 vampiric battleaxe
Missiles
 h - 5 javelins
 k - 11 boomerangs (quivered)
 J - a silver boomerang
Armour
 c - a +0 buckler
 i - a +2 pair of gloves (worn)
 C - a +2 pair of boots (worn)
 E - a +0 cloak (worn)
 F - a +0 chain mail (worn)
 K - a +0 kite shield (worn)
 M - a scarf of invisibility
Jewellery
 b - a ring of resist corrosion
 j - a ring of poison resistance
 n - a +6 ring of strength (right hand)
 p - a +4 ring of slaying (left hand)
 s - a ring of magical power
 t - the amulet "Milepuem" (around neck) {rF+ Regen+}
   (You acquired it on level 8 of the Dungeon)

   [amulet of regeneration]

   rF:        It protects you from fire.
   Regen:     It increases your rate of health regeneration.
 v - a ring of protection from fire
Wands
 r - a wand of mindburst (15)
 w - a wand of paralysis (16)
Scrolls
 y - 2 scrolls of enchant weapon
 z - 2 scrolls of identify
 B - 2 scrolls of fog
 D - 3 scrolls of teleportation
Potions
 d - 7 potions of might
 e - 4 potions of haste
 f - 3 potions of brilliance
 g - 2 potions of mutation
 l - 9 potions of curing
 m - 2 potions of flight
 o - 3 potions of heal wounds
 u - a potion of magic
 x - 2 potions of cancellation
 A - a potion of invisibility
 H - 2 potions of attraction


   Skills:
 * Level 9.9 Fighting
 * Level 9.5 Axes
 + Level 5.1 Throwing
 + Level 7.3 Armour
 + Level 7.3 Shields
 + Level 4.2 Invocations


You had 9 spell levels left.
You didn't know any spells.
Your spell library contained the following spells:

 Spells                   Type           Power      Damage    Failure   Level
 Sublimation of Blood     Necr           0%         N/A       100%        2
 Gell's Gravitas          Tloc           0%         N/A       100%        3
 Ignite Poison            Fire/Tmut/Pois 0%         N/A       100%        3
 Kindle Blastsparks       Fire/Tloc/Air  0%         2d10      100%        3
 Lesser Beckoning         Tloc           0%         N/A       100%        3
 Stone Arrow              Conj/Erth      0%         3d7       100%        3
 Teleport Other           Tloc           0%         N/A       100%        3
 Petrify                  Tmut/Erth      0%         N/A       100%        4
 Freezing Cloud           Conj/Ice/Air   0%         6-21      100%        5
 Irradiate                Conj/Tmut      0%         3d11      100%        5
 Lehudib's Crystal Spear  Conj/Erth      0%         10d2      100%        8
 Animate Armour           Summ/Erth      Unusable   N/A       N/A         4

Dungeon Overview and Level Annotations

Branches:
Dungeon (9/15)             Temple (0/1) D:5            Lair (0/5) D:9
  Sewer (visited)
    Orc: D:9-12

Altars:
Ashenzari
Hepliaklqana
Okawaru
Ru
Sif Muna
Trog
Wu Jian

Shops:
D:2 ?=(((   D:5 *

Annotations:
D:9 2 transporters, Darkkill's ghost, journeyman MiHu


Innate Abilities, Weirdness & Mutations

You have a pair of horns on your head.
You reflexively headbutt those who attack you in melee.


Message History

You resist with some effort. The troll bites you!
The troll completely misses you. The troll claws you but does no damage.
The basilisk bites you but does no damage.
The yak gores you! The yak gores you. The troll bites you but does no damage.
The troll claws you but does no damage. The troll claws you!
The basilisk gazes at you. The yak gores you but does no damage.
The troll bites you! The troll claws you!
* * * LOW HITPOINT WARNING * * *
The troll claws you but does no damage.
The basilisk hisses menacingly.
The basilisk gazes at you. The yak gores you!
* * * LOW HITPOINT WARNING * * *
The troll bites you but does no damage.
The troll claws you but does no damage. x2
The basilisk gazes at you. You resist with some effort.
The yak gores you but does no damage. The troll bites you but does no damage.
The troll claws you. x2
* * * LOW HITPOINT WARNING * * *
The basilisk gazes at you. The troll bites you.
* * * LOW HITPOINT WARNING * * *
The troll claws you but does no damage. x2; The yak gores you.
* * * LOW HITPOINT WARNING * * *
The basilisk bites you.
* * * LOW HITPOINT WARNING * * *
The yak gores you!
* * * LOW HITPOINT WARNING * * *
The troll bites you!
* * * LOW HITPOINT WARNING * * *
The troll claws you!
* * * LOW HITPOINT WARNING * * *
The troll claws you but does no damage. The basilisk completely misses you.
The yak gores you but does no damage. The troll bites you but does no damage.
The troll claws you!
* * * LOW HITPOINT WARNING * * *
The troll claws you but does no damage. The basilisk bites you.
You die...

.# ###.####. .#
#.................#.
.#
#............>......
.#
#.................#
.#
#.......#.........#
.# #.......##.......#
.# #.......##.......#
.####.......###l)Y..#
.............###@T.#
#####...........))##
###.##...######
#.##...# #.##...#
#.##...# #.##...#
#.##...# #.##...#


You could see a yak, a troll and a basilisk.

Vanquished Creatures
  Psyche (D:8)
  A troll (D:9)
  A wyvern (D:9)
  6 yaks (D:9)
  3 water moccasins
  Pargi (Sewer)
  2 black bears
  2 orc warriors
  A sky beast (D:4)
  2 ogres
  2 necrophages
  5 bullfrogs
  2 scorpions
  6 wights (D:6)
  4 killer bees (D:8)
  3 howler monkeys (D:8)
  A jelly (D:4)
  6 orc priests
  3 hounds (D:5)
  Crazy Yiuf (D:4)
  An iguana (D:6)
  6 orc wizards
  Natasha (D:2)
  3 gnolls (D:6)
  11 adders
  2 shadow imps
  2 white imps
  3 worms
  2 dart slugs
  26 orcs
  9 ball pythons
  4 bats
  7 endoplasms
  6 giant cockroaches
  10 goblins
  5 hobgoblins
  6 jackals
  5 quokkas
  9 frilled lizards
  9 kobolds
  6 rats
186 creatures vanquished.

Vanquished Creatures (others)
  5 plants (D:2)
5 creatures vanquished.

Grand Total: 191 creatures vanquished

Notes
Turn   | Place    | Note
-------+----------+-------------------------------------------
     0 | D:1      | bmack86 the Minotaur Fighter began the quest for the Orb.
     0 | D:1      | Reached XP level 1. HP: 19/19 MP: 0/0
   167 | D:1      | Reached XP level 2. HP: 21/27 MP: 1/1
   727 | D:2      | Reached XP level 3. HP: 31/33 MP: 2/2
   814 | D:2      | Found Voddafat's Magic Scroll Shoppe.
   855 | D:2      | Found Colippin's Antique Weapon Emporium.
   889 | D:2      | Found Dutwuosh's Antique Weapon Shop.
   980 | D:2      | Found Wohu's Antique Weapon Emporium.
  1176 | D:2      | Noticed Natasha
  1183 | D:2      | Killed Natasha
  1184 | D:2      | Reached skill level 1 in Throwing
  1184 | D:2      | Reached XP level 4. HP: 28/41 MP: 3/3
  1233 | D:2      | Found Cairesec's Jewellery Shop.
  1551 | D:2      | Found a faded altar of an unknown god.
  1654 | D:3      | Found an ornate altar of the Wu Jian Council.
  1809 | D:3      | Found a glowing drain.
  1822 | Sewer    | Entered a sewer
  1905 | Sewer    | Noticed Pargi
  1918 | Sewer    | Killed Pargi
  1919 | Sewer    | Reached skill level 5 in Fighting
  1919 | Sewer    | Reached XP level 5. HP: 28/48 MP: 4/4
  2041 | D:3      | Found a faded altar of an unknown god.
  2333 | D:3      | Reached XP level 6. HP: 50/56 MP: 5/5
  2555 | D:3      | Found an iron altar of Okawaru.
  2561 | D:3      | Became a worshipper of Warmaster Okawaru
  2889 | D:4      | Reached skill level 5 in Axes
  3103 | D:4      | Noticed a sky beast
  3109 | D:4      | Killed a sky beast
  3110 | D:4      | Reached skill level 5 in Armour
  3110 | D:4      | Reached XP level 7. HP: 63/63 MP: 6/6
  3122 | D:4      | Reached * piety under Okawaru
  3137 | D:4      | Reached skill level 5 in Shields
  3372 | D:4      | Found a runed translucent door.
  3373 | D:4      | Noticed Crazy Yiuf
  3703 | D:4      | Killed Crazy Yiuf
  3763 | D:5      | Entered Level 5 of the Dungeon
  3983 | D:5      | Found Sojeharr's General Store.
  4170 | D:5      | Reached skill level 1 in Invocations
  4202 | D:5      | Identified the +9 short sword of the Forgotten Olives
                  | {protect, rPois}
  4203 | D:5      | Found a staircase to the Ecumenical Temple.
  4214 | D:5      | Reached ** piety under Okawaru
  4352 | D:5      | Found a bloodstained altar of Trog.
  4352 | D:5      | Found a sacrificial altar of Ru.
  4460 | D:5      | Reached XP level 8. HP: 71/71 MP: 7/7
  4656 | D:5      | Bought a scroll of identify for 22 gold pieces
  4739 | D:2      | Bought a scroll of enchant armour for 97 gold pieces
  4818 | D:6      | Found a broken altar of Ashenzari.
  5293 | D:6      | Reached *** piety under Okawaru
  5735 | D:7      | Reached XP level 9. HP: 60/81 MP: 8/10
  6486 | D:7      | Found a hazy altar of Hepliaklqana.
  6605 | D:8      | Identified a scroll of acquirement
  6605 | D:8      | Acquired the amulet "Milepuem" {rF+ Regen+}
  6765 | D:8      | Found a shimmering blue altar of Sif Muna.
  6873 | D:8      | Reached **** piety under Okawaru
  7048 | D:8      | Identified the +10 trident of Cursing Woe {spect, Will+
                  | Int+2}
  7161 | D:8      | Noticed Psyche
  7173 | D:8      | Killed Psyche
  7369 | D:9      | Noticed a moth of wrath
  7370 | D:9      | Noticed a troll
  7372 | D:9      | Noticed Darkkill's ghost (journeyman MiHu)
  7373 | D:9      | Noticed a tengu warrior
  7374 | D:9      | Noticed a two-headed ogre
  7375 | D:9      | Found a transporter.
  7376 | D:9      | Found a bloodstained altar of Trog.
  7409 | D:9      | Reached ***** piety under Okawaru
  7409 | D:9      | Received a gift from Okawaru
  7410 | D:9      | Reached XP level 10. HP: 67/91 MP: 10/12
  7415 | D:9      | Reached skill level 5 in Throwing
  7466 | D:9      | Found a transporter.
  7526 | D:9      | Found a staircase to the Lair.
  7553 | D:9      | HP: 2/93 [troll (5)]
  7553 | D:9      | Slain by a basilisk

Illustrated notes

Levels and vault maps discovered:
D:1:      lightli_arrival_flooded_house, layout_basic
D:2:      layout_loops_ring, serial_shops, nicolae_shop_hallway_plus,
          nicolae_shop_statue_plus, shop, nicolae_shop_waterfront,
          nicolae_shop_crystal, ebering_ecumenical_altar_abandoned,
          lexackson_kobold_supper, uniq_natasha
D:3:      layout_loops_ring, nicolae_overflow_ecumenical_swirl,
          general_overflow_altar, okawaru_metal_pillars_1_2,
          gup_sewer_entry_pipe
D:4:      minmay_wonky_spiral, layout_basic, minmay_misc_feat_enclosed,
          minmay_hedge_maze, dk_noncrumbling_4, uniq_crazy_yiuf_cottage
D:5:      layout_loops_ring, chequers_temple_overflow_statue_of_worship,
          minmay_temple_entry_slanted, serial_shops, nicolae_shop_hallway_stairs
D:6:      layout_basic, ashenzari_altar_1
D:7:      layout_cave_pods, kennysheep_mini
D:8:      layout_loops_ring, tgw_sif, uniq_psyche
D:9:      layout_basic, mainiacjoe_overflow_tiny_flanked, david_lair_generic,
          gammafunk_ghost_wrathful_warriors, nicolae_shop_i_like_big_books,
          uniq_prince_ribbit1

Skill      XL: |  1  2  3  4  5  6  7  8  9 10 |
---------------+-------------------------------+-----
Fighting       | 4 5 6 8 9 |  9.9
Axes           | 3 4 5 6 7 9 |  9.5
Armour         | 4 5 6 7 |  7.3
Throwing       | 1 2 3 4 5 |  5.1
Shields        | 4 5 6 7 |  7.3
Invocations    | 1 2 4 |  4.2

Action                   |  1- 3 |  4- 6 |  7- 9 | 10-12 || total
-------------------------+-------+-------+-------+-------++-------
Melee: War axe           |    65 |    90 |   142 |    18 ||   315
       Headbutt          |    10 |    11 |    29 |     2 ||    52
Throw: Boomerang         |    23 |    22 |    96 |       ||   141
Invok: Heroism           |       |       |       |     1 ||     1
  Use: Scroll            |     1 |     5 |    16 |     1 ||    23
Armor: Scale mail        |    33 |    54 |     2 |       ||    89
       Chain mail        |       |       |    80 |    62 ||   142
Dodge: Dodged            |    32 |    42 |    33 |    18 ||   125
Block: Buckler           |    15 |    28 |    20 |       ||    63
       Kite shield       |       |       |    13 |    14 ||    27

Table legend: (Time is in decaauts)
 A = Elapsed time spent in this place.
 B = Non-inter-level travel time spent in this place.
 C = Inter-level travel time spent in this place.
 D = Time resting spent in this place.
 E = Time spent auto-exploring this place.
 F = Levels seen in this place.
 G = Mean time per level.
                   A        B        C        D        E       F      G
               +--------+--------+--------+--------+--------+-----+--------+
         Total |   7712 |   7273 |    439 |      0 |   5367 |  10 |  771.2 |
       Dungeon |   7552 |   7113 |    439 |      0 |   5353 |   9 |  839.1 |
         Sewer |    159 |    159 |      0 |      0 |     14 |   1 |  159.0 |
               +--------+--------+--------+--------+--------+-----+--------+

Top non-repeatable levels by time:
     D:4: 1221 daAuts
     D:2: 1006 daAuts
     D:7: 941 daAuts
     D:5: 918 daAuts
     D:3: 915 daAuts
     D:6: 868 daAuts
     D:8: 774 daAuts
     D:1: 710 daAuts
     D:9: 195 daAuts
   Sewer: 159 daAuts
